Map: [ESL] Hard Lead

Players

Fjant

  • Race: Zerg Zerg
  • League: Grandmaster
  • Spawn Location: 5:00

Dolan - Winner!

  • Race: Terran Terran
  • League: Master
  • Spawn Location: 11:00

Event: HomeStory Cup XXIV

VOD

Have the link to the VOD?

Description

Time

  • Played on: Dec. 1, 2023, 10:15 a.m.
  • Length: 14:31

All games in this series

Show
View Real Time Build Order
Export as new Build Order

Fjant Zerg 

Build Orders: Hatch First 

Get SALT Encoding   

  12  0:01  Drone  
  13  0:12  Overlord  
  13  0:17  Drone  
  14  0:30  Drone x2  
  16  0:47  Hatchery  
  15  0:51  Drone  
  15  0:54  Drone  
  17  0:57  Drone  
  18  1:10  Extractor  
  17  1:12  Spawning Pool  
  17  1:16  Drone  
  17  1:20  Drone  
  18  1:29  Drone  
  19  1:39  Drone  
  20  1:50  Drone  
  21  1:59  Queen x2  
  21  2:00  Zergling x4  
  27  2:10  Drone  
  27  2:11  Overlord  
  28  2:20  Extractor  
  28  2:24  Hatchery  
  28  2:29  Drone x2  
  29  2:42  Drone  
  29  2:43  Drone x2, Overlord  
  32  2:53  Metabolic Boost, Queen  
  32  2:56  Drone  
  35  2:59  Drone  
  35  3:04  Queen  
  38  3:06  Drone  
  39  3:15  Drone x5  
  44  3:27  Overlord  
  44  3:40  Drone x6  
  50  3:44  Queen  
  50  3:47  Queen  
  54  3:51  Drone x4  
  58  3:57  Overlord  
  58  4:01  Overlord  
  58  4:07  Overlord  
  58  4:14  Queen  
  58  4:16  Zergling x4  
  62  4:18  Drone x4  
  62  4:21  Queen  
  68  4:24  Overlord x2  
  68  4:25  Queen  
  68  4:27  Drone x2  
  68  4:29  Zergling x2  
  68  4:30  Zergling x2  
  74  4:35  Overlord x2  
  74  4:42  Overlord  
  74  4:47  Zergling x8  
  78  4:53  Zergling x10  
  78  4:59  Drone  
  83  5:01  Queen  
  83  5:06  Drone  
  82  5:08  Drone  
  82  5:10  Lair  
  82  5:13  Drone x4  
  87  5:14  Baneling Nest  
  86  5:26  Drone x3  
  89  5:29  Overlord  
  89  5:31  Overlord  
  89  5:33  Overlord  
  89  5:40  Overlord  
  89  5:41  Zergling x10  
  92  5:47  Spore Crawler  
  87  5:51  Drone  
  87  5:52  Drone  
  87  5:55  Drone x2  
  95  5:58  Drone  
  95  5:59  Hatchery  
  95  6:04  Extractor  
  94  6:05  Drone  
  94  6:06  Extractor  
  90  6:13  Centrifugal Hooks  
  90  6:17  Roach Warren  
  89  6:18  Drone x6  
  89  6:20  Evolution Chamber  
  89  6:21  Evolution Chamber  
  93  6:26  Drone x2  
  93  6:30  Extractor  
  93  6:32  Drone  
  95  6:33  Drone  
  95  6:36  Drone x2  
  97  6:40  Extractor, Drone x3  
  97  6:41  Drone x3  
  97  6:42  Spire  
  97  6:44  Drone x3  
  97  6:45  Extractor  
  103  6:50  Zerg Melee Weapons Level 1  
  103  6:57  Zergling x8  
  103  6:59  Baneling x6  
  107  7:07  Baneling x3  
  103  7:09  Zergling x14  
  84  7:23  Zergling x18  
  84  7:27  Queen  
  83  7:31  Roach  
  83  7:33  Roach x4  
  92  7:38  Roach  
  92  7:39  Roach x6  
  103  7:46  Roach x3  
  103  7:49  Queen  
  103  7:51  Zergling x4, Roach  
  106  7:55  Ravager x3  
  106  7:58  Zergling x4  
  102  8:03  Zergling x6  
  102  8:05  Ravager x2  
  103  8:07  Zergling x6  
  102  8:13  Hatchery  
  102  8:14  Zergling x12  
  102  8:19  Queen  
  104  8:28  Zergling x2  
  104  8:29  Zergling x8  
  104  8:30  Zerg Missile Weapons Level 1  
  104  8:32  Ravager  
  110  8:35  Drone x3  
  110  8:40  Overlord x2  
  113  8:53  Hatchery  
  112  8:59  Mutalisk x3  
  112  9:00  Mutalisk x2  
  116  9:03  Overseer  
  116  9:06  Drone x2  
  116  9:07  Extractor, Drone x2  
  119  9:12  Drone x2  
  121  9:17  Tunneling Claws  
  121  9:19  Ravager  
  121  9:20  Zergling x4  
  124  9:28  Roach x6  
  136  9:35  Drone  
  136  9:36  Drone  
  126  9:40  Drone x2  
  126  9:42  Drone  
  122  9:50  Drone x5  
  122  9:52  Drone x2  
  119  9:56  Roach x3  
  119  9:59  Ravager x5  
  128  10:08  Drone x6  
  132  10:16  Zergling x10  
  132  10:19  Drone  
  138  10:25  Drone x4  
  138  10:27  Drone  
  143  10:29  Drone  
  143  10:33  Drone  
  143  10:34  Drone x2  
  147  10:36  Drone  
  147  11:00  Drone x2  
  127  11:10  Drone x12  
  137  11:13  Zergling x6  
  137  11:17  Burrow  
  134  11:21  Extractor  
  134  11:23  Extractor, Roach  
  134  11:24  Roach x4  
  138  11:32  Drone x3  
  137  11:34  Drone  
  137  11:35  Drone  
  137  11:47  Roach x5  
  147  11:58  Drone x3  
  150  12:02  Infestation Pit  
  150  12:06  Overlord  
  149  12:19  Roach x14, Overlord x3  
  149  12:20  Overlord  
  149  12:25  Zergling x14  
  149  12:29  Glial Reconstitution, Roach x3  
  148  12:35  Roach  
  147  12:38  Roach  
  147  12:40  Roach x3  
  147  12:42  Roach  
  157  12:48  Zergling x8, Queen  
  134  12:57  Roach x4  
  121  13:08  Roach x4  
  123  13:16  Roach x3  
  128  13:20  Roach x2  
  128  13:22  Ravager x4  
  125  13:27  Roach  
  125  13:30  Roach, Ravager x4  
  123  13:34  Queen  
  123  13:35  Roach, Queen  
  126  13:42  Roach x3  
  126  13:46  Roach  
  128  13:50  Ravager, Hatchery  
  128  13:51  Ravager x6  
  121  13:57  Roach x3  
  121  14:00  Hatchery  
  116  14:02  Roach  
  116  14:04  Roach  
  116  14:07  Roach  
  115  14:10  Hatchery  
Show
View Real Time Build Order
Export as new Build Order

Dolan Terran - Winner!

Build Orders: Liberator Opening, Reaper Expand, Mech 

Get SALT Encoding   

  12  0:00  SCV  
  13  0:12  SCV  
  14  0:17  Supply Depot  
  14  0:24  SCV  
  15  0:38  SCV  
  15  0:40  Barracks  
  15  0:42  Refinery  
  16  0:50  SCV  
  17  1:02  SCV  
  18  1:14  SCV  
  19  1:27  Orbital Command, Reaper  
  20  1:39  Command Center  
  20  1:49  Supply Depot  
  20  1:52  SCV  
  21  1:59  Marine  
  22  2:04  SCV  
  22  2:08  Factory  
  23  2:13  Refinery  
  23  2:16  SCV  
  23  2:20  Barracks Reactor  
  24  2:29  SCV  
  25  2:41  SCV  
  26  2:52  Orbital Command  
  26  2:53  SCV  
  26  2:55  Starport  
  27  3:05  SCV  
  28  3:08  Barracks Tech Lab  
  28  3:09  Hellion x2  
  32  3:13  Supply Depot  
  32  3:17  SCV x2  
  34  3:30  Hellion x2  
  34  3:31  SCV x2  
  40  3:39  Liberator  
  43  3:43  SCV x2  
  44  3:50  Supply Depot  
  44  3:52  Hellion x2  
  44  3:53  Armory  
  48  3:57  SCV x2  
  48  3:58  Barracks Tech Lab  
  50  4:09  SCV x2  
  52  4:13  Hellion x2  
  56  4:21  SCV x2  
  58  4:30  Command Center  
  58  4:34  Refinery  
  58  4:35  Refinery  
  58  4:38  SCV x2  
  60  4:42  Supply Depot  
  60  4:44  Terran Vehicle Weapons Level 1  
  60  4:53  Factory  
  60  4:54  Factory  
  60  4:55  SCV x2  
  62  5:05  Starport Reactor, Hellion x2  
  66  5:07  SCV x2  
  66  5:13  Supply Depot  
  68  5:19  SCV x2  
  70  5:30  Hellion x2  
  70  5:31  Hellion x5  
  70  5:35  Hellion x2, SCV x2  
  76  5:42  Thor x2  
  86  5:43  Infernal Pre-Igniter  
  86  5:47  SCV x2  
  89  5:50  Orbital Command  
  88  5:58  Medivac, Supply Depot  
  88  5:59  SCV x2  
  92  6:05  Medivac  
  92  6:10  Hellion x2  
  98  6:11  Orbital Command  
  98  6:12  Supply Depot, SCV x2  
  100  6:25  Engineering Bay  
  100  6:26  Refinery  
  100  6:28  Supply Depot  
  100  6:36  Siege Tank x2  
  100  6:37  Hellion  
  100  6:38  Refinery  
  109  6:47  SCV x3  
  109  6:51  Supply Depot  
  111  6:59  SCV x3  
  114  7:16  Viking x2, Siege Tank x2, Hellion x2  
  114  7:17  SCV x3  
  121  7:29  SCV x3  
  112  7:38  Factory  
  112  7:40  Terran Vehicle Weapons Level 2  
  112  7:41  SCV x3  
  112  7:42  Factory  
  113  7:53  Liberator x2  
  113  7:54  Hellion x2  
  123  7:59  Siege Tank x2  
  123  8:00  SCV x2  
  123  8:01  SCV  
  132  8:19  Hellion x2  
  128  8:26  Command Center  
  128  8:32  Siege Tank, Hellion  
  133  8:38  Supply Depot x2  
  133  8:40  Siege Tank, Hellion  
  138  8:48  Supply Depot  
  138  8:54  Hellion x2  
  138  8:55  Liberator  
  138  8:56  Factory Tech Lab, Factory Reactor  
  138  8:59  Liberator  
  138  9:00  Supply Depot x2  
  138  9:01  Supply Depot  
  144  9:04  Command Center  
  144  9:19  Siege Tank x3  
  144  9:20  Hellion x2  
  144  9:23  Supply Depot  
  157  9:43  Hellion x3  
  157  9:44  Hellion  
  157  9:51  Siege Tank x2  
  155  9:58  Thor  
  158  10:00  Hurricane Engines  
  158  10:04  Cyclone x2  
  158  10:05  Cyclone  
  162  10:25  Factory  
  162  10:27  Factory, Missile Turret  
  162  10:28  Terran Vehicle And Ship Armor Level 1  
  162  10:30  Factory  
  162  10:32  Missile Turret, SCV x3  
  162  10:34  Missile Turret  
  165  10:36  Supply Depot x2  
  165  10:37  Supply Depot  
  165  10:38  Sensor Tower  
  164  10:46  Siege Tank  
  164  10:48  Planetary Fortress, Refinery  
  165  10:51  Refinery  
  165  10:55  Refinery  
  157  10:57  Refinery  
  153  11:07  SCV x3  
  156  11:13  Cyclone x2  
  156  11:14  Siege Tank  
  157  11:33  Factory Tech Lab x2, Factory Reactor  
  157  11:34  Siege Tank, SCV x2  
  157  11:35  Orbital Command, SCV  
  159  11:46  SCV  
  158  11:50  SCV  
  158  11:51  SCV  
  160  11:55  Siege Tank, Cyclone  
  160  11:56  Cyclone x2  
  160  11:58  Orbital Command, Siege Tank, SCV  
  173  12:04  SCV x3  
  175  12:11  SCV  
  174  12:16  Hellion x2  
  174  12:19  Cyclone x2  
  174  12:20  Hellion x2  
  183  12:30  Siege Tank x2, Cyclone x2  
  190  12:41  Thor  
  190  12:50  Hellion x2, Cyclone x3  
  190  12:52  Cyclone, Hellion, SCV  
  190  12:53  SCV  
  190  12:54  SCV  
  195  12:59  Viking  
  195  13:00  Viking  
  199  13:26  Cyclone  
  195  13:37  Siege Tank, Cyclone  
  188  14:06  Hellion x2, SCV  
  200  14:24  Refinery  
  198  14:27  Command Center  
  198  14:29  Sensor Tower  
Tags
 
Add a new tag
Caveats
  • Supply blocks, unpowered buildings, or Contaminate may cause inaccurate times.
  • Supply counts are checked every 10 seconds.